 Dungeon Crawl Stone Soup version 0.18.1-50-g88ac8fd (webtiles) character file.

9 Ryougu the Skirmisher (level 2, 0/28 HPs)
             Began as a Naga Berserker on Sept 30, 2016.
             Was a Follower of Trog.
             Slain by a hobgoblin (3 damage)
             ... on level 1 of the Dungeon.
             The game lasted 00:02:25 (112 turns).

Ryougu the Skirmisher (Naga Berserker)               Turns: 112, Time: 00:02:25

Health: 0/28       AC:  1    Str: 19    XL:     2   Next: 12%
Magic:  2/2        EV: 10    Int:  7    God:    Trog [*.....]
Gold:   7          SH:  0    Dex: 10    Spells: 0 memorised, 1 level left

rFire  . . .     SeeInvis +     a - +0 hand axe
rCold  . . .     Gourm    .     b - +0 animal skin
rNeg   . . .     Faith    .     (no shield)
rPois  +         Spirit   .     (no helmet)
rElec  .         Dismiss  .     (no cloak)
rCorr  .         Reflect  .     (no gloves)
SustAt .         Harm     .     (no barding)
MR     .....                    (no amulet)
Stlth  +.........               (no ring)
                                (no ring)

@: very slow, not resistant to hostile enchantments, very unstealthy
A: see invisible, deformed body, poison resistance, slowness 2, slow metabolism
1, spit poison 2, AC +0
a: Spit Poison, Berserk, Burn Spellbooks, Renounce Religion


You were on level 1 of the Dungeon.
You worshipped Trog.
Trog was aware of your devotion.
You were not hungry.

You visited 1 branch of the dungeon, and saw 1 of its levels.

You collected 7 gold pieces.

Inventory:

Hand Weapons
 a - a +0 hand axe (weapon)
Armour
 b - a +0 animal skin (worn)
Potions
 d - a potion of haste {unknown}
Comestibles
 c - a bread ration


   Skills:
 + Level 3.2 Fighting
 + Level 3.1 Axes
 + Level 1.7 Armour
 + Level 1.7 Dodging


You had one spell level left.
You didn't know any spells.

Dungeon Overview and Level Annotations

Branches:
Dungeon (1/15)

Altars:


Innate Abilities, Weirdness & Mutations

You cannot wear boots.
Your serpentine skin is tough (AC +0).
You have supernaturally acute eyesight.
Armour fits poorly on your strangely shaped body.
Your system is resistant to poisons.
You cover ground very slowly.
You have a slow metabolism.
You can spit poison.


Message History

You kill the goblin!
Trog accepts your kill.
You have reached level 2!
The bat hits you. The bat closely misses you.
You hit the bat.
You kill the bat!
Trog accepts your kill.
You hit the rat.
You kill the rat!
Trog accepts your kill.
You closely miss the hobgoblin. The hobgoblin barely misses you.
You completely miss the hobgoblin. The hobgoblin hits you.
* * * LOW HITPOINT WARNING * * *
You closely miss the hobgoblin. The hobgoblin hits you.
* * * LOW HITPOINT WARNING * * *
You don't know any spells.
You don't know any spells.
A hobgoblin is nearby!
You closely miss the hobgoblin. The hobgoblin hits you.
You die...

..r.....#.#$#.#.. ....
..#.### #.. ...##.....
.... #..#.#.###.#..
.....#
####..#....?....# ....#
#.......)†...####
....###................
..#.....#..(†g.#.####
#............@.+
####.#....##......#
#.......#.........#
.........###..#####
.#######..##...#
.#†††..#..##.#.#
.#.≈≈≈.#..##.#...
.#.≈≈≈†#.<.#.#..#.#
.#.≈X≈.#.....##.#.#


You could see a hobgoblin.

Vanquished Creatures
  3 bats (D:1)
  A hobgoblin (D:1)
  A giant newt (D:1)
  2 goblins (D:1)
  2 rats (D:1)
9 creatures vanquished.

Vanquished Creatures (others)
  An octopode (D:1)
  A vine stalker (D:1)
  An elf (D:1)
  2 trolls (D:1)
  A formicid (D:1)
  A vampire (D:1)
  2 nagas (D:1)
  A dwarf (D:1)
  A centaur (D:1)
  An orc (D:1)
  4 tentacles (D:1)
  6 tentacle segments (D:1)
22 creatures vanquished.

Grand Total: 31 creatures vanquished

Notes
Turn   | Place    | Note
--------------------------------------------------------------
     0 | D:1      | Ryougu the Naga Berserker began the quest for the Orb.
     0 | D:1      | Reached XP level 1. HP: 21/21 MP: 1/1
     0 | D:1      | Noticed a vampire
     0 | D:1      | Noticed an octopode
     0 | D:1      | Noticed a naga
     0 | D:1      | Noticed an elf
     0 | D:1      | Noticed a naga
     0 | D:1      | Noticed a centaur
     0 | D:1      | Noticed a kraken
     0 | D:1      | Noticed a troll
     0 | D:1      | Noticed a vine stalker
     0 | D:1      | Noticed a formicid
     0 | D:1      | Noticed a troll
     0 | D:1      | Noticed a dwarf
     2 | D:1      | Killed a troll
     4 | D:1      | Killed an octopode
     6 | D:1      | Killed a troll
     7 | D:1      | Killed a vine stalker
     7 | D:1      | Killed a centaur
     7 | D:1      | Killed a formicid
     7 | D:1      | Killed a dwarf
     8 | D:1      | Killed an elf
     8 | D:1      | Killed a naga
     8 | D:1      | Killed a vampire
     9 | D:1      | Killed a naga
   107 | D:1      | Reached XP level 2. HP: 10/28 MP: 2/2
   112 | D:1      | Slain by a hobgoblin

Action                   || total
-------------------------++-------
Melee: Hand axe          ||    24
Armor: Animal skin       ||    16
Dodge: Dodged            ||    24
